details: 'avalanche fexpo2'

« prev index next »

General information

Mini Map

Players

team 1
Random» Orciggy_the_fisk (purple | 89 APM | 817 actions | 09:07)
Hero icon 3 Blademaster
Ability icon 2 Wind Walk
Ability icon 1 Critical Strike
Hero icon 2 Shadow Hunter
Ability icon 1 Hex
Ability icon 1 Healing Wave

» actions
Assign group hotkey40
Basic commands2
Build / train35
Enter build submenu10
Enter hero's abilities submenu5
Right click478
Select / deselect171
Select group hotkey50
Use ability25
817 total
» units
Peon13
Grunt11
Raider1
25 total
» upgrades
Berserker Strength1
Ensnare1
2 total
» buildings
Altar of Storms1
Barracks1
Orc Burrow4
Voodoo Lounge1
Stronghold1
Beastiary2
10 total
» build order
00:06 Altar of Storms
00:19 Barracks
00:27 Orc Burrow
01:41 Orc Burrow
02:11 Voodoo Lounge
03:30 Stronghold
04:28 Orc Burrow
06:40 Beastiary
06:44 Beastiary
06:59 Orc Burrow
Random» HumanTIMG4STRok (blue | 106 APM | 968 actions | 09:08)
Hero icon 3 Archmage
Ability icon 2 Summon Water Elemental
Ability icon 1 Brilliance Aura

» actions
Assign group hotkey13
Basic commands32
Build / train44
Enter build submenu20
Enter hero's abilities submenu3
Right click486
Select / deselect158
Select group hotkey175
Use ability37
968 total
» units
Peasant24
Footman9
33 total
» buildings
Altar of Kings1
Barracks1
Farm5
Lumber Mill1
Scout Tower12
Town Hall1
Guard Tower5
Keep1
Arcane Tower1
28 total
» build order
00:07 Altar of Kings
00:12 Barracks
00:32 Farm
01:03 Farm
01:06 Farm
01:47 Farm
02:27 Lumber Mill
03:13 Scout Tower
03:18 Farm
04:11 Town Hall
04:13 Scout Tower
04:15 Scout Tower
04:16 Scout Tower
04:17 Scout Tower
04:18 Scout Tower
04:19 Scout Tower
04:46 Guard Tower
04:48 Guard Tower
04:50 Scout Tower
04:54 Scout Tower
05:23 Guard Tower
06:01 Guard Tower
06:22 Scout Tower
06:23 Scout Tower
06:26 Scout Tower
07:12 Guard Tower
08:26 Keep
08:30 Arcane Tower
team 2
NightElfXing138 (orange | 161 APM | 1460 actions | 09:03)
Hero icon 2 Demon Hunter
Ability icon 1 Mana Burn
Ability icon 1 Evasion
Hero icon 1 Pandaren Brewmaster
Ability icon 1 Breath of Fire

» actions
Assign group hotkey44
Basic commands44
Build / train31
ESC pressed1
Enter build submenu12
Enter hero's abilities submenu5
Remove unit from queue1
Right click596
Select / deselect340
Select group hotkey350
Use ability35
1460 total
» units
Wisp15
Huntress7
22 total
» upgrades
Ultravision1
1 total
» buildings
Altar of Elders2
Moon Well4
Ancient of War1
Hunter's Hall1
Tree of Ages1
Ancient of Wonders1
Ancient of Lore2
Tree of Eternity1
13 total
» build order
00:15 Altar of Elders
00:25 Moon Well
01:05 Altar of Elders
02:00 Ancient of War
02:23 Hunter's Hall
02:27 Moon Well
03:41 Moon Well
03:48 Tree of Ages
04:29 Moon Well
06:35 Ancient of Wonders
07:58 Ancient of Lore
08:00 Ancient of Lore
08:38 Tree of Eternity
UndeadXingX (green | 73 APM | 667 actions | 09:07)
Hero icon 3 Death Knight
Ability icon 2 Death Coil
Ability icon 1 Unholy Aura

» actions
Assign group hotkey18
Basic commands48
Build / train28
Enter build submenu8
Enter hero's abilities submenu3
Remove unit from queue1
Right click254
Select / deselect131
Select group hotkey148
Use ability28
667 total
» units
Acolyte2
Ghoul1
Crypt Fiend6
Obsidian Statue1
10 total
» buildings
Graveyard1
Crypt1
Altar of Darkness1
Ziggurat3
Tomb of Relics1
Nerubian Tower1
Halls of the Dead1
Slaughterhouse1
10 total
» build order
00:13 Graveyard
00:20 Crypt
00:44 Altar of Darkness
01:03 Ziggurat
01:37 Tomb of Relics
02:00 Nerubian Tower
02:16 Ziggurat
03:58 Halls of the Dead
05:01 Ziggurat
06:37 Slaughterhouse
» items
Rod of Necromancy2
Dust of Appearance1
Potion of Healing2
Potion of Mana2
7 total